 Dungeon Crawl Stone Soup version 0.19-a0-1498-g0b85ae9 (webtiles) character file.

1048471 graymark the Axe Maniac (level 27, -13/164 HPs)
             Began as a Formicid Fighter on Sept 8, 2016.
             Was the Champion of Makhleb.
             Killed from afar by a Brimstone Fiend (37 damage)
             ... with damnation
             ... on level 7 of the Iron City of Dis on Sept 10, 2016.
             The game lasted 13:02:51 (114673 turns).

graymark the Axe Maniac (Formicid Fighter)        Turns: 114673, Time: 13:02:52

Health: -13/164    AC: 32    Str: 31    XL:     27
Magic:  39/45      EV: 16    Int:  7    God:    Makhleb [******]
Gold:   8659       SH: 33    Dex:  7    Spells: 12 memorised, 23 levels left

rFire  + + +     SeeInvis +     z - +5 executioner's axe (chop)
rCold  + + .     Gourm    .     g - +10 plate armour of the Slug {rC+}
rNeg   + + .     Faith    .     b - +10 large shield of the Cockatrice {Int+5}
rPois  +         Spirit   .     (helmet unavailable)
rElec  +         Dismiss  .     i - +1 cloak {MR+} (curse)
rCorr  +         Reflect  .     t - +1 pair of gloves "Xedehiga" {*Confuse rElec MR+ Str+2}
MR     ++++.     Harm     .     o - +0 pair of boots of Dawn {*Drain rC+ rN+}
Stlth  ..........               Z - amulet of Zuripax Fuwn {+Rage rElec rPois Int-4 Slay+6}
                                h - ring of Zofusuze {rF+ rN+ MR+ Str+2 Dex-2}
                                s - ring "Kefoust" {rCorr rF++ MR-}

@: darkness, deflect missiles
A: permanent stasis, dig shafts and tunnels, four strong arms, antennae 3,
blurry vision 2, clumsy 2, deformed body, dopey 2, frail 3, low mp 1, screaming
1, weak 1
a: Dig, Shaft Self, Minor Destruction, Lesser Servant of Makhleb, Major
Destruction, Greater Servant of Makhleb, Renounce Religion
}: 7/15 runes: serpentine, barnacled, slimy, silver, golden, bone, abyssal


You were on level 7 of the Iron City of Dis.
You worshipped Makhleb.
Makhleb was exalted by your worship.
You were full.

You visited 15 branches of the dungeon, and saw 71 of its levels.
You visited the Abyss 7 times.
You also visited: Trove and Desolation.

You collected 14344 gold pieces.
You spent 5685 gold pieces at shops.

Inventory:

Hand Weapons
 z - a +5 executioner's axe of chopping (weapon)
 I - the +1 executioner's axe of the Globe {chop, rF+ Dex+3}
   (Okawaru gifted it to you on level 3 of the Snake Pit)

   It inflicts extra damage upon your enemies.
   It affects your dexterity (+3).
   It protects you from fire.
 L - a +1 eveningstar of protection
 U - the +7 morningstar of the Sun {vamp, rF+ Str+4 Int+5 Dex-4}
   (You found it on level 7 of Tartarus)

   It inflicts no extra harm, but heals its wielder somewhat when it strikes a
   living foe.
   It affects your strength (+4).
   It affects your intelligence (+5).
   It affects your dexterity (-4).
   It protects you from fire.
Armour
 a - the +0 cloak of Knowledge {Str+4 Int+4}
   (Okawaru gifted it to you on level 4 of the Snake Pit)

   It affects your strength (+4).
   It affects your intelligence (+4).
 b - the +10 large shield of the Cockatrice (worn) {Int+5}
   (Okawaru gifted it to you on level 4 of the Shoals)

   It affects your intelligence (+5).
 g - the +10 plate armour of the Slug (worn) {rC+}
   (You found it in a treasure trove)

   It protects you from cold.
 i - a cursed +1 cloak of magic resistance (worn)
 o - the +0 pair of boots of Dawn (worn) {*Drain rC+ rN+}
   (You found it in a treasure trove)

   It protects you from cold.
   It protects you from negative energy.
   It causes draining when unequipped.
 t - the +1 pair of gloves "Xedehiga" (worn) {*Confuse rElec MR+ Str+2}
   (You found it in a treasure trove)

   It affects your strength (+2).
   It insulates you from electricity.
   It affects your resistance to hostile enchantments.
   It may confuse you when you take damage.
Magical Staves
 q - an uncursed staff of wizardry
Rods
 H - a +5 rod of ignition (12/12)
   (You found it on level 5 of the Pits of Slime)
Jewellery
 c - the amulet "Jufie" {RegenMP rF- Int+10}
   (You took it off a deep elf death mage on level 5 of the Vaults)

   [amulet of magic regeneration]

   It increases your magic regeneration.
   It affects your intelligence (+10).
   It makes you vulnerable to fire.
 h - the ring of Zofusuze (right hand) {rF+ rN+ MR+ Str+2 Dex-2}
   (You found it on level 7 of the Iron City of Dis)

   [ring of positive energy]

   It affects your strength (+2).
   It affects your dexterity (-2).
   It protects you from fire.
   It protects you from negative energy.
   It affects your resistance to hostile enchantments.
 k - the ring "Agufoyr" {rPois MR+ Dex+2}
   (You found it on level 5 of the Pits of Slime)

   [ring of poison resistance]

   It affects your dexterity (+2).
   It protects you from poison.
   It affects your resistance to hostile enchantments.
 l - the ring "Duirod" {+Fly Int+6}
   (You found it in the Desolation of Salt)

   [ring of flight]

   It affects your intelligence (+6).
   It lets you fly.
 n - the ring "Xuxonax" {Wiz Str+5 Dex+2}
   (You found it on level 5 of the Vaults)

   [ring of wizardry]

   It improves your spell success rate.
   It affects your strength (+5).
   It affects your dexterity (+2).
 r - the cursed ring "Zyzuqyt" {Ice Int+2 Dex+4 Stlth+}
   (You found it in the Desolation of Salt)

   [ring of ice]

   It enhances your ice magic.
   It affects your intelligence (+2).
   It affects your dexterity (+4).
   It makes you vulnerable to fire.
   It protects you from cold.
   It makes you more stealthy.
   It has a curse placed upon it.
 s - the ring "Kefoust" (left hand) {rCorr rF++ MR-}
   (You bought it in a shop on level 2 of the Orcish Mines)

   [ring of resist corrosion]

   It greatly protects you from fire.
   It affects your resistance to hostile enchantments.
 u - the cursed ring of Usop {rPois rN+ MR+ Str+4 Slay-5}
   (You bought it in a shop on level 2 of the Orcish Mines)

   [ring of protection from magic]

   It affects your strength (+4).
   It affects your accuracy and damage with ranged weapons and melee attacks
   (-5).
   It protects you from poison.
   It protects you from negative energy.
   It affects your resistance to hostile enchantments.
   It has a curse placed upon it.
 x - the ring of Shadows {Umbra +Inv Stlth+}
   (You found it on level 7 of Tartarus)

   [ring of stealth]

   It lets you turn invisible.
   It makes you more stealthy.
 P - the ring of Xom's Absentmindedness {rC+ Dex+3}
   (You found it in the Desolation of Salt)

   [ring of dexterity]

   It affects your dexterity (+3).
   It protects you from cold.
 W - the ring of Tuaxyty {rN+ Dex+2}
   (You took it off a merfolk on level 4 of the Shoals)

   [ring of dexterity]

   It affects your dexterity (+2).
   It protects you from negative energy.
 Z - the amulet of Zuripax Fuwn (around neck) {+Rage rElec rPois Int-4 Slay+6}
   (You bought it in a shop on level 2 of the Orcish Mines)

   [amulet of rage]

   It affects your intelligence (-4).
   It affects your accuracy and damage with ranged weapons and melee attacks
   (+6).
   It insulates you from electricity.
   It protects you from poison.
   It lets you go berserk.
Wands
 A - a wand of acid (15/15)
Scrolls
 e - 29 scrolls of remove curse
 C - 2 scrolls of holy word
 G - 7 scrolls of fog
 K - 2 scrolls of fear
 N - 9 scrolls of identify
 O - 2 scrolls of silence
 R - 2 scrolls of magic mapping
 S - 12 scrolls of recharging
Potions
 d - a potion of might
 j - 11 potions of curing
 m - 9 potions of agility
 w - 3 potions of ambrosia
 y - 5 potions of magic
 D - 8 potions of brilliance
 F - 3 potions of invisibility
 J - 10 potions of flight
 M - 4 potions of cancellation
 Q - 5 potions of lignification
 V - 3 potions of resistance
Miscellaneous
 B - a phial of floods
 T - the horn of Geryon
 X - 6 phantom mirrors
 Y - a lamp of fire
Comestibles
 f - 21 bread rations
 p - 22 meat rations


   Skills:
 - Level 23.2 Fighting
 O Level 27 Axes
 - Level 20.5 Armour
 - Level 20.0 Dodging
 - Level 11.4 Stealth
 - Level 19.0 Shields
 + Level 23.0 Spellcasting
 - Level 18.8 Hexes
 - Level 17.9 Charms
 - Level 16.2 Necromancy
 + Level 21.0 Air Magic
 - Level 11.1 Invocations
 - Level 6.2 Evocations


You had 23 spell levels left.
You knew the following spells:

 Your Spells              Type           Power        Failure   Level  Hunger
a - Regeneration          Chrm/Necr      ####......   1%          3    None
b - Repel Missiles        Chrm/Air       #####.       0%          2    None
c - Dispel Undead         Necr           ####....     1%          5    #####..
d - Cigotuvi's Embrace    Necr           ####......   1%          5    #####..
e - Control Undead        Necr           ####......   1%          4    ###....
f - Silence               Hex/Air        #####.....   1%          5    #####..
g - Darkness              Hex            ####......   1%          6    ######.
h - Passwall              Tmut/Erth      #.........   28%         2    None
i - Tornado               Air            #####.....   100%        9    #######
j - Deflect Missiles      Chrm/Air       #####.....   1%          6    ######.
k - Summon Butterflies    Summ           #.......     21%         1    None
l - Apportation           Tloc           #.........   21%         1    None


Dungeon Overview and Level Annotations

Branches:
Dungeon (15/15)            Temple (1/1) D:5            Lair (6/6) D:11
 Shoals (4/4) Lair:3        Snake (4/4) Lair:4        Slime (5/5) Lair:5
    Orc (2/2) D:9             Elf (3/3) Orc:2        Vaults (5/5) D:13
  Crypt (3/3) Vaults:2       Tomb (3/3) Crypt:3      Depths (5/5) D:15
   Hell (1/1)                 Dis (7/7) Hell            Geh (0/7) Hell
    Coc (0/7) Hell            Tar (7/7) Hell            Zot (0/5) Depths:5

Altars:
Ashenzari
Cheibriados
Dithmenos
Elyvilon
Fedhas
Gozag
Hepliaklqana
Kikubaaqudgha
Makhleb
Nemelex Xobeh
Okawaru
Qazlal
Ru
Sif Muna
Trog
Uskayaw
Vehumet
Xom
Yredelemnul
Zin
Beogh
Jiyva

Shops:
D:4 *   Orc:2 [(==[*(:}   Shoals:2 !   Snake:3 !   Vaults:3 :   Depths:2 *}:[

Portals:
Hell: Depths:1 Depths:2 Depths:3 Depths:4 Depths:5
Abyss: Depths:3 Depths:4
Pandemonium: Depths:1 Depths:3 Depths:5
Ziggurat: Depths:4

Annotations:
Lair:5 exclusion: 2 oklob plants
Elf:3 exclusion: door
Dis:7 Dispater


Innate Abilities, Weirdness & Mutations

You are under a permanent stasis effect.
You can dig through walls and to a lower floor.
Your four strong arms can wield two-handed weapons with a shield.
You have a pair of large antennae on your head. (SInv)
Scrolls take you longer to read.
You are very clumsy. (Dex -4)
Armour fits poorly on your strangely shaped body.
You are very dopey. (Int -4)
You are extremely frail. (-30% HP)
Your magical capacity is low. (-10% MP)
You occasionally shout uncontrollably at your foes.
You are weak. (Str -2)


Message History

Press: ? - help, Shift-Dir - straight line, f - Dispater
Aim: Dispater, wielding a golden staff
Okay, then.
Unknown command.
Casting: Darkness
Confirm with . or Enter, or press ? or * to list all spells.
Okay, then.
Unknown command.
Casting: Darkness
Confirm with . or Enter, or press ? or * to list all spells.
Okay, then.
Unknown command.
Unknown command.
You feel better.
You block the Hell Sentinel's attack. x2
You feel better. The Brimstone Fiend gestures at you.
The sphere of damnation explodes!
The damnation engulfs the Hell Sentinel.
The Hell Sentinel completely resists.
The damnation engulfs you!
You die...

#....#..####,,,,,####..#
#....#..#...,,,,,,,,#..#
#....#.)#...,,,,,,,,#..#
#....#..#..#**+***,,#..#
#....#..#..#,,,,,*,,#..#
#....#..#..#,,,,,*,,#..#
#....#..#&.#,,,,,*,,#..#
#....#))#..#,,,,,*,,#..#
#....#.@#..#,,,,,*,{#..#
#....#.)1.1######*,{+..#
#....####).1......,,####
#.......#.........,,#...
#.......#############...
#.......................
########################


You could see 2 Hell Sentinels and a Brimstone Fiend.

Vanquished Creatures
  Ereshkigal (Tar:7)
  the Royal Jelly (Slime:5)
  Khufu (Tomb:3)
  4 ancient liches
  A juggernaut (Depths:4)
  27 greater mummies
  Xtahua (Vaults:4)
  A caustic shrike (Depths:3)
  Geryon (Hell)
  3 golden dragons
  Jory (Crypt:1)
  A profane servitor (Crypt:3)
  36 bone dragons
  23 doom hounds
  66 Tzitzimimeh
  8 iron giants
  Jorgrun (Crypt:1)
  7 Hell Sentinels
  A shard shrike zombie (Crypt:2)
  3 Brimstone Fiends
  Rupert (D:13)
  5 tentacled monstrosities
  4 Ice Fiends
  10 liches
  11 deep elf blademasters
  18 titans
  17 acid blobs
  2 quicksilver dragons
  5 deep elf master archers
  3 Executioners
  23 tentacled starspawn
  10 sphinxes
  Polyphemus (Shoals:2)
  22 ancient champions
  A kraken (Shoals:4)
  7 eldritch tentacles
  A thorn hunter (Abyss:3)
  2 draconian monks
  3 tengu reavers
  22 shadow dragons
  9 greater nagas
  7 storm dragons
  5 revenants
  2 daevas
  7 azure jellies (Slime:5)
  Ilsuiw (Shoals:4)
  18 frost giants
  4 orc warlords
  A draconian knight (Tar:3)
  The ghost of 4thArraOfDagon the Brawler, a journeyman TrIE of Fedhas (Elf:3)
  10 deep elf sorcerers
  A draconian scorcher (Tar:2)
  8 iron dragons
  16 fire giants
  2 imperial myrmidons (Desolation)
  14 cacodemons
  An angel (Abyss:3)
  12 deep elf elementalists
  3 curse skulls
  2 balrugs
  19 vault wardens
  2 spriggan defenders (Depths:2)
  A draconian shifter (Tar:3)
  21 ironheart preservers
  13 ghouls
  A draconian caller (Tar:2)
  7 black draconians
  82 reapers
  A juggernaut skeleton (Depths:4)
  3 war gargoyles
  14 vampire knights
  3 green draconians
  43 very ugly things
  4 bennus
  An entropy weaver (Vaults:2)
  32 stone giants
  8 deep elf demonologists
  5 lorocyprocas
  4 purple draconians
  13 spark wasps
  A halazid warlock (Desolation)
  A white draconian (Abyss:1)
  6 deep elf annihilators
  3 red draconians
  3 yellow draconians
  6 merfolk javelineers
  5 mottled draconians
  8 blizzard demons
  13 eidola
  17 ettins
  8 fire dragons
  6 green deaths
  3 crystal guardians
  5 quicksilver dragon zombies
  12 jiangshi
  25 mummy priests
  16 yaktaur captains
  8 deep elf death magi
  8 ragged hierophants (Desolation)
  Fannar (Lair:1)
  8 death oozes (Slime:5)
  12 great orbs of eyes
  4 merfolk impalers
  Erolcha (D:11)
  7 deep elf high priests
  3 servants of whispers (Desolation)
  Harold (Lair:4)
  14 ice dragons
  36 vault guards
  8 hydras
  A juggernaut simulacrum (Depths:4)
  2 catoblepae
  9 rakshasas
  8 peacekeepers (Desolation)
  14 naga warriors
  3 ghost crabs
  4 quicksilver dragon skeletons
  A merfolk avatar (Lair:6)
  9 death knights
  Erica (D:10)
  5 spriggan air magi
  A hell beast (Dis:1)
  4 merfolk aquamancers
  An anaconda (shapeshifter) (D:13)
  8 centaur warriors
  17 anacondas
  31 dancing weapons
  9 death yaks
  An alligator snapping turtle (Shoals:4)
  8 tengu warriors
  17 ogre magi
  85 death scarabs
  8 deep troll shamans
  Urug (Orc:1)
  9 deep troll earth magi
  10 titan zombies
  17 hell hogs
  6 satyrs
  9 vampire magi
  13 naga sharpshooters
  3 orc high priests (Orc:2)
  10 shock serpents
  A shock serpent (shapeshifter) (Vaults:5)
  15 iron golems
  26 thrashing horrors
  6 storm dragon zombies
  4 spriggan berserkers
  6 sun demons (Hell)
  32 deep elf knights
  4 salamander mystics
  21 wretched stars
  4 titan skeletons
  17 iron trolls
  39 soul eaters
  3 sixfirhies
  9 anaconda zombies
  3 golden dragon zombies
  218 skeletal warriors
  17 sea snakes
  18 hell knights
  3 storm dragon skeletons
  23 deep trolls
  5 spatial maelstroms
  10 wizards
  9 unseen horrors
  2 giant orange brains (Abyss:3)
  6 death drakes
  26 shadow wraiths
  4 ghost moth zombies
  20 flayed ghosts
  A spriggan druid (Depths:2)
  A swamp dragon (Abyss:3)
  Pikel (D:8)
  2 hill giants
  A lindwurm (Lair:5)
  10 shadow dragon zombies
  8 naga ritualists
  5 anaconda skeletons
  22 ironbrand convokers
  35 shadow demons
  9 necromancers
  3 golden dragon skeletons
  33 phantasmal warriors
  28 deep elf archers
  10 mana vipers
  A sphinx zombie (Depths:1)
  23 harpies
  23 orc knights
  8 shining eyes
  11 fire giant zombies
  81 deep elf magi
  4 wolf spider zombies
  3 wolf spiders
  10 orc sorcerers
  11 frost giant zombies
  59 ugly things
  15 manticores
  5 worldbinders
  An orb spider (Abyss:2)
  19 salamanders
  17 fauns
  10 stone giant zombies
  9 cyclopes
  4 hornets
  2 centaur zombies
  A shining eye (shapeshifter) (Vaults:4)
  12 griffons
  7 iron dragon zombies
  8 sirens
  A sphinx skeleton (Vaults:3)
  3 fire giant skeletons
  3 iron dragon skeletons
  A black mamba (shapeshifter) (Vaults:3)
  A shadow dragon skeleton (Tar:4)
  16 vault sentinels
  26 elephants
  11 naga magi
  3 stone giant skeletons
  Maurice (Orc:1)
  14 guardian serpents
  A guardian serpent (shapeshifter) (Abyss:1)
  4 dire elephant zombies
  24 black mambas
  3 apocalypse crabs
  55 rust devils
  2 ice statues (Hell)
  9 orange demons
  21 hellions
  21 smoke demons
  3 water nymphs
  A molten gargoyle (Hell)
  2 shock serpent skeletons
  A shock serpent zombie (Dis:7)
  An eye of devastation (Slime:4)
  10 frost giant skeletons
  The ghost of CypherZel the Chucker, a novice MiHu of Nemelex Xobeh (D:5)
  4 dire elephant skeletons
  4 rime drakes
  4 emperor scorpion zombies
  9 spiny frogs
  40 freezing wraiths
  2 kobold demonologists
  54 tormentors
  2 yaktaurs (shapeshifter)
  7 hellwings
  25 ice devils
  3 human zombies
  9 komodo dragons
  63 yaktaurs
  An anaconda simulacrum (Tar:3)
  4 efreet
  A swamp worm zombie (Crypt:2)
  A golden dragon simulacrum (Depths:4)
  A mottled draconian skeleton (Crypt:1)
  A queen ant zombie (Crypt:2)
  14 red devils
  11 tengu conjurers
  2 yaktaur skeletons (Depths:1)
  2 hydra zombies
  11 silent spectres
  42 guardian mummies
  A demonic crawler (Hell)
  6 human skeletons
  A queen bee (shapeshifter) (Depths:4)
  A jumping spider (shapeshifter) (Depths:3)
  A harpy zombie (Dis:3)
  14 trolls
  15 merfolk
  33 two-headed ogres
  13 ancient zymes
  A harpy skeleton (Crypt:1)
  3 boulder beetles
  4 polar bears
  2 meliai (shapeshifter)
  5 jumping spiders (Crypt:3)
  A two-headed ogre (shapeshifter) (Vaults:1)
  5 wind drakes
  2 bog bodies
  62 saltlings (Desolation)
  7 ettin zombies
  4 hydra skeletons
  37 raiju
  77 slime creatures
  4 snapping turtles
  A polar bear (shapeshifter) (Vaults:5)
  3 alligator zombies
  4 fire dragon zombies
  38 blink frogs
  A blink frog (shapeshifter) (Depths:2)
  A spriggan zombie (Depths:1)
  19 dream sheep
  A fire giant simulacrum (Vaults:2)
  A frost giant simulacrum (Vaults:1)
  6 ice dragon zombies
  2 ettin skeletons
  85 flying skulls
  A black mamba zombie (Dis:4)
  5 alligator skeletons
  3 ice dragon skeletons
  22 spriggans (Depths:2)
  A stone giant simulacrum (Tar:5)
  52 large abominations
  15 air elementals
  A tarantella (Vaults:2)
  32 wraiths
  8 redbacks
  2 tarantellas (shapeshifter)
  A fire dragon skeleton (Tar:2)
  7 elf zombies
  38 shadows
  13 ynoxinuls
  7 fire bats
  2 wyverns
  47 yaks
  5 vampires
  10 fire elementals
  2 steam dragons
  21 ushabtiu
  6 chaos spawn
  15 water elementals
  4 hogs (D:9)
  2 basilisks (shapeshifter)
  A hippogriff (shapeshifter) (Vaults:3)
  2 hogs (shapeshifter)
  2 basilisks
  12 golden eyes
  A black mamba skeleton (Tar:5)
  16 humans
  10 hippogriffs
  8 hungry ghosts
  3 vampire mosquitoes (D:13)
  4 neqoxecs
  9 spatial vortices
  Menkaure (D:6)
  An ogre zombie (Vaults:1)
  An infernal demonspawn zombie (Crypt:1)
  2 merfolk zombies
  48 nagas
  2 soldier ants (shapeshifter)
  16 wargs
  2 soldier ants
  A torturous demonspawn zombie (Crypt:1)
  5 spiny frog zombies
  19 water moccasins
  Duvessa (D:5)
  66 hell hounds
  A giant eyeball (shapeshifter) (Depths:5)
  A hydra simulacrum (Hell)
  8 porcupines
  A hornet simulacrum (D:15)
  An ice beast (shapeshifter) (Depths:5)
  57 orc warriors
  3 spiny frog skeletons
  7 ice beasts
  11 eyes of draining
  2 manticore zombies
  44 small abominations
  8 wasps
  7 sky beasts
  4 slaves
  An alligator simulacrum (Hell)
  14 phantoms
  50 necrophages
  67 ogres
  6 snapping turtle zombies
  A centaur (shapeshifter) (Abyss:1)
  26 centaurs
  4 boggarts (Depths:1)
  A swamp dragon zombie (Dis:3)
  27 wolves
  2 swamp dragon skeletons
  2 manticore skeletons
  23 crocodiles
  2 snapping turtle skeletons
  5 big kobolds
  A rime drake skeleton (Crypt:2)
  2 yaktaur zombies
  23 giant frogs
  4 earth elementals
  A wyvern zombie (D:13)
  9 wyvern skeletons (Crypt:3)
  6 scorpions
  3 troll zombies
  An orc simulacrum (Vaults:2)
  A hippogriff zombie (Crypt:1)
  2 yak skeletons
  Dowan (D:5)
  9 killer bees
  100 wights
  8 electric eels
  2 howler monkeys (D:14)
  A polar bear skeleton (Crypt:2)
  11 crimson imps
  61 starcursed masses
  11 quasits
  9 hounds
  7 jellies
  4 giant frog skeletons
  2 giant frog zombies
  23 orc priests
  Crazy Yiuf (D:7)
  10 centaur skeletons
  58 iron imps
  8 iguanas
  37 orc wizards
  12 hell rats
  18 worker ants
  2 naga zombies
  A tengu zombie (Tar:6)
  An ogre skeleton (Tar:5)
  A tengu skeleton (Tar:2)
  A naga skeleton (Tar:5)
  A hound zombie (D:9)
  A hound skeleton (D:4)
  51 mummies
  3 worker ant zombies
  11 gnolls
  A howler monkey skeleton (Crypt:2)
  9 adders
  35 river rats
  A steam dragon skeleton (Crypt:1)
  35 shadow imps
  9 white imps
  5 ufetubi
  2 oozes
  2 adder skeletons
  2 worms
  4 dart slugs
  6 giant geckos
  144 orcs
  4 ball pythons
  4 bats
  4 giant cockroaches
  11 goblins
  5 hobgoblins
  21 jackals
  21 kobolds
  5 quokkas
  6 giant newts
  A jackal zombie (Crypt:2)
  A kobold skeleton (Crypt:1)
  2 orc zombies (Dis:7)
  2 quokka zombies
  7 rats
  5 crawling corpses
  6 fungi
  3 lurking horrors (Abyss:3)
  3 pillars of salt (Vaults:4)
  68 plants
  22 starspawn tentacles
  4 tentacles (Shoals:4)
  7 withered plants (Crypt:3)
5339 creatures vanquished.

Vanquished Creatures (others)
  A doom hound (Tar:6)
  An eldritch tentacle (Tar:2)
  A frost giant (Tar:3)
  A reaper (Dis:2)
  A green draconian (Tar:3)
  A vampire knight (Depths:1)
  A white draconian (Tar:3)
  A halazid warlock (Desolation)
  A deep elf high priest (Elf:1)
  A jiangshi (Tar:3)
  4 death scarabs
  2 skeletal warriors
  A sea snake (Shoals:2)
  4 orc knights
  2 ugly things
  2 deep elf magi
  A guardian serpent (Desolation)
  2 elephants (Lair:2)
  An emperor scorpion zombie (Tar:3)
  A troll (Orc:2)
  A blink frog (Abyss:3)
  4 flying skulls
  A yak (D:12)
  An ushabti (Tomb:1)
  A basilisk (Lair:3)
  A naga (Snake:4)
  3 orc warriors
  A necrophage (Tar:2)
  2 ogres
  A centaur (Lair:3)
  A crocodile (Lair:6)
  2 wights
  2 orc wizards
  An iron imp (Dis:2)
  A small abomination (Abyss:1)
  A mummy (Tomb:1)
  A shadow imp (Tar:1)
  An ufetubus (Abyss:3)
  A giant gecko (D:11)
  An orc (Orc:2)
  14 bushes (Lair:6)
  15 fungi
  2 lurking horrors
  A pillar of salt (Vaults:4)
  119 plants
  35 starspawn tentacles
  7 tentacles (Shoals:4)
  2 withered plants (Crypt:3)
253 creatures vanquished.

Grand Total: 5592 creatures vanquished

Notes
Turn   | Place    | Note
-------+----------+-------------------------------------------
     0 | D:1      | graymark the Formicid Fighter began the quest for the Orb.
     0 | D:1      | Reached XP level 1. HP: 18/18 MP: 1/1
   164 | D:1      | Reached XP level 2. HP: 21/24 MP: 2/2
   354 | D:1      | Reached skill level 3 in Axes
   436 | D:1      | Reached XP level 3. HP: 24/29 MP: 3/3
   971 | D:2      | Reached XP level 4. HP: 35/35 MP: 4/4
  1957 | D:3      | Reached skill level 4 in Axes
  2231 | D:3      | Found a faded altar of an unknown god.
  2333 | D:3      | Found a shattered altar of Ashenzari.
  2415 | D:3      | Found a basalt altar of Yredelemnul.
  2415 | D:3      | Found a blossoming altar of Fedhas.
  2531 | D:4      | Reached XP level 5. HP: 28/42 MP: 5/5
  3134 | D:4      | Found Xofal's General Store.
  3140 | D:4      | Bought 2 potions of curing for 66 gold pieces
  3140 | D:4      | Bought a scroll of identify for 22 gold pieces
  3155 | D:4      | Reached skill level 5 in Fighting
  3155 | D:4      | Reached skill level 5 in Axes
  3155 | D:4      | Reached XP level 6. HP: 41/51 MP: 6/6
  3494 | D:4      | Noticed an ogre
  3499 | D:4      | Killed an ogre
  3754 | D:5      | Entered Level 5 of the Dungeon
  3777 | D:5      | Noticed an ogre
  3799 | D:5      | Killed an ogre
  3799 | D:5      | Reached XP level 7. HP: 10/56 MP: 7/7
  4004 | D:5      | Noticed CypherZel's ghost (novice MiHu)
  4068 | D:5      | Killed CypherZel's ghost
  4068 | D:5      | Reached skill level 6 in Axes
  4068 | D:5      | Reached skill level 5 in Armour
  4068 | D:5      | Reached XP level 8. HP: 25/62 MP: 8/8
  4406 | D:5      | Noticed Dowan
  4432 | D:5      | Killed Dowan
  4545 | D:5      | Noticed Duvessa
  4571 | D:5      | Killed Duvessa
  4571 | D:5      | Reached skill level 7 in Axes
  4727 | D:5      | Got a bloodstained scale mail
  4752 | D:5      | Identified the +5 scale mail of the First Snow {rElec rF+ Str+4} (You found it on level 5 of the Dungeon)
  4835 | D:5      | Found a radiant altar of Vehumet.
  5072 | D:5      | Found an opulent altar of Gozag.
  5073 | D:5      | Found a staircase to the Ecumenical Temple.
  5088 | Temple   | Entered the Ecumenical Temple
  5459 | D:5      | Found a runed door.
  5597 | D:5      | Noticed Crazy Yiuf
  5754 | D:6      | Reached skill level 8 in Axes
  5754 | D:6      | Reached XP level 9. HP: 68/68 MP: 9/9
  5948 | D:6      | Noticed Menkaure
  6461 | D:6      | Found a hazy altar of Hepliaklqana.
  6642 | D:6      | Killed Menkaure
  6642 | D:6      | Reached skill level 5 in Shields
  7253 | D:7      | Killed Crazy Yiuf
  7445 | D:7      | Reached skill level 9 in Axes
  7523 | D:7      | Noticed Pikel
  7851 | D:7      | Found a bloodstained altar of Trog.
  7879 | D:7      | Reached XP level 10. HP: 64/74 MP: 0/10
  9665 | D:8      | Killed Pikel
  9665 | D:8      | Reached skill level 10 in Axes
  9665 | D:8      | Reached skill level 10 in Armour
 10077 | D:9      | Got a spiked cloak
 10079 | D:9      | Found a staircase to the Orcish Mines.
 10090 | D:9      | Identified the cursed +0 cloak of Feuz {rPois} (You found it on level 9 of the Dungeon)
 10218 | D:8      | Reached XP level 11. HP: 37/79 MP: 11/11
 11069 | D:9      | Found an iron altar of Okawaru.
 11085 | D:9      | Became a worshipper of Warmaster Okawaru
 11377 | D:10     | Entered Level 10 of the Dungeon
 11391 | D:10     | Reached skill level 11 in Axes
 11498 | D:10     | Noticed Erica
 11522 | D:10     | Killed Erica
 11555 | D:10     | Reached * piety under Okawaru
 11770 | D:10     | Reached skill level 1 in Invocations
 12038 | D:10     | Got a polished scale mail
 12049 | D:10     | Identified the cursed +0 scale mail of Intercession {Dex+6 Stlth+} (You found it on level 10 of the Dungeon)
 12964 | D:11     | Reached ** piety under Okawaru
 13426 | D:11     | Noticed Erolcha
 13455 | D:11     | Killed Erolcha
 13455 | D:11     | Reached *** piety under Okawaru
 13455 | D:11     | Reached XP level 12. HP: 73/92 MP: 13/15
 14371 | D:11     | Reached skill level 12 in Axes
 14371 | D:11     | Reached skill level 5 in Invocations
 14884 | D:11     | Found a staircase to the Lair.
 14911 | Lair:1   | Entered Level 1 of the Lair of Beasts
 15056 | Lair:1   | Reached skill level 1 in Dodging
 15439 | Lair:1   | Noticed Fannar
 15527 | Lair:1   | Killed Fannar
 15527 | Lair:1   | Reached **** piety under Okawaru
 16193 | Lair:1   | Noticed an eight-headed hydra
 16457 | Lair:1   | Killed an eight-headed hydra
 16457 | Lair:1   | Reached ***** piety under Okawaru
 16968 | Lair:1   | Reached XP level 13. HP: 73/98 MP: 18/18
 17666 | Lair:2   | Noticed a seven-headed hydra
 17675 | Lair:2   | Killed a seven-headed hydra
 18078 | Lair:2   | Reached skill level 5 in Dodging
 18479 | Lair:2   | Received a gift from Okawaru
 19017 | Lair:2   | Gained mutation: Your spells are a little harder to cast, but a little more powerful. [potion of mutation]
 19017 | Lair:2   | Gained mutation: Your mind is acute. (Int +2) [potion of mutation]
 19017 | Lair:2   | Gained mutation: Your spells are harder to cast, but more powerful. [potion of mutation]
 19252 | Lair:3   | Found a staircase to the Shoals.
 19327 | Lair:3   | Noticed a six-headed hydra
 19339 | Lair:3   | Killed a ten-headed hydra
 19618 | Lair:3   | Noticed a seven-headed hydra
 19851 | Lair:3   | Killed a seven-headed hydra
 19851 | Lair:3   | Reached skill level 10 in Invocations
 19892 | Lair:3   | Noticed a catoblepas
 19923 | Lair:3   | Killed a catoblepas
 20892 | Lair:4   | Noticed a five-headed hydra
 20904 | Lair:4   | Killed a five-headed hydra
 20904 | Lair:4   | Received a gift from Okawaru
 21284 | Lair:4   | Reached XP level 14. HP: 105/105 MP: 21/21
 21510 | Lair:4   | Found a staircase to the Snake Pit.
 21657 | Lair:4   | Noticed Harold
 21679 | Lair:4   | Killed Harold
 22788 | Lair:5   | Found a staircase to the Slime Pits.
 23071 | Lair:5   | Reached skill level 13 in Axes
 23489 | Lair:5   | Got a wavering copper ring
 23491 | Lair:5   | Identified the ring of the Raven {rCorr *Drain +Fly Str+3 Stlth+} (You found it on level 5 of the Lair of Beasts)
 24027 | Lair:6   | Entered Level 6 of the Lair of Beasts
 24109 | Lair:6   | Received a gift from Okawaru
 24281 | Lair:6   | Reached skill level 10 in Shields
 25243 | Lair:6   | Reached XP level 15. HP: 72/110 MP: 23/23
 25562 | Lair:6   | Reached ****** piety under Okawaru
 26247 | Lair:6   | Reached skill level 14 in Axes
 26278 | Lair:6   | Received a gift from Okawaru
 27175 | Lair:6   | Reached skill level 10 in Dodging
 27375 | Orc:1    | Entered Level 1 of the Orcish Mines
 27375 | Orc:1    | Noticed Maurice
 27399 | Orc:1    | Killed Maurice
 27594 | Orc:1    | Noticed Urug
 27598 | Orc:1    | Found a roughly hewn altar of Beogh.
 27620 | Orc:1    | Killed Urug
 28073 | Orc:1    | Received a gift from Okawaru
 28270 | Orc:2    | Entered Level 2 of the Orcish Mines
 28270 | Orc:2    | Found Boridwig's Antique Weapon Shop.
 28270 | Orc:2    | Found Juysiodd's General Store.
 28272 | Orc:2    | Noticed an orc warlord
 28875 | Orc:2    | Found Teec's Antique Armour Shoppe.
 29026 | Orc:2    | Found Zeps's Jewellery Shop.
 29200 | Orc:2    | Found Pyutam's Gadget Shop.
 29306 | Orc:2    | Found a staircase to the Elven Halls.
 29457 | Orc:2    | Found Opoperis's Antique Weapon Shop.
 29508 | Orc:2    | Killed an orc warlord
 29757 | Orc:2    | Found Ruol's Book Boutique.
 29828 | Orc:2    | Found Heopit's Antique Armour Boutique.
 29854 | Orc:2    | Found Douvyhe's Jewellery Shop.
 30106 | Orc:2    | Reached XP level 16. HP: 54/117 MP: 24/24
 30361 | Orc:2    | Bought a heavily runed chain mail for 256 gold pieces
 30371 | Orc:2    | Identified the cursed +1 chain mail of the Griffon {SInv} (You bought it in a shop on level 2 of the Orcish Mines)
 30402 | Orc:2    | Bought a pitted flail for 195 gold pieces
 30412 | Orc:2    | Bought the amulet of Zuripax Fuwn {+Rage rElec rPois Int-4 Slay+6} for 1200 gold pieces
 30432 | Orc:2    | Bought the ring "Kefoust" {rCorr rF++ MR-} for 523 gold pieces
 30901 | D:12     | Found a shadowy altar of Dithmenos.
 30925 | D:12     | Reached skill level 15 in Axes
 30998 | D:12     | Found a deep blue altar of Sif Muna.
 31627 | D:13     | Noticed Rupert
 31659 | D:13     | Killed Rupert
 31659 | D:13     | Received a gift from Okawaru
 31688 | D:13     | Got a faintly humming chain mail {god gift}
 31741 | D:12     | Identified the +1 chain mail "Quarofin" {MP-9 Int+6} (Okawaru gifted it to you on level 13 of the Dungeon)
 31920 | D:13     | Identified the Guide on Harmful Evil
 32206 | D:13     | Found a gate to the Vaults.
 32519 | D:13     | Gained mutation: Your spells are much harder to cast, but much more powerful. [potion of mutation]
 32519 | D:13     | Gained mutation: You are agile. (Dex +2) [potion of mutation]
 32519 | D:13     | Gained mutation: Armour fits poorly on your strangely shaped body. [potion of mutation]
 33248 | D:14     | Found a shimmering altar of Xom.
 33265 | D:14     | Received a gift from Okawaru
 33582 | D:14     | Reached skill level 16 in Axes
 34005 | D:15     | Entered Level 15 of the Dungeon
 34122 | D:15     | Reached skill level 15 in Shields
 34171 | D:15     | Reached XP level 17. HP: 109/124 MP: 25/25
 34361 | D:15     | Found a staircase to the Depths.
 35341 | Snake:1  | Entered Level 1 of the Snake Pit
 35449 | Snake:1  | Got a brightly glowing chain mail
 35478 | Lair:4   | Identified the +4 chain mail "Mela" {*Drain rElec rPois Regen+} (You found it on level 1 of the Snake Pit)
 35889 | Snake:1  | Received a gift from Okawaru
 36206 | Snake:1  | Reached skill level 10 in Fighting
 38190 | Snake:2  | Lost mutation: Armour fits poorly on your strangely shaped body. [potion of cure mutation]
 38190 | Snake:2  | Lost mutation: Your spells are much harder to cast, but much more powerful. [potion of cure mutation]
 38190 | Snake:2  | Lost mutation: You are agile. (Dex +2) [potion of cure mutation]
 38190 | Snake:2  | Lost mutation: Your mind is acute. (Int +2) [potion of cure mutation]
 38190 | Snake:2  | Lost mutation: Your spells are harder to cast, but more powerful. [potion of cure mutation]
 38400 | Snake:3  | Received a gift from Okawaru
 38403 | Snake:3  | Got a pitted executioner's axe {god gift}
 38553 | Snake:2  | Identified the +1 executioner's axe of the Globe {chop, rF+ Dex+3} (Okawaru gifted it to you on level 3 of the Snake Pit)
 39189 | Snake:3  | Reached XP level 18. HP: 107/139 MP: 26/26
 39498 | Snake:3  | Found Ohokyihe's Distillery.
 39520 | Snake:3  | Bought a potion of resistance for 140 gold pieces
 39520 | Snake:3  | Bought a potion of agility for 56 gold pieces
 39520 | Snake:3  | Bought a potion of curing for 42 gold pieces
 39520 | Snake:3  | Bought a potion of agility for 56 gold pieces
 39520 | Snake:3  | Bought a potion of magic for 112 gold pieces
 39637 | Snake:3  | Received a gift from Okawaru
 40009 | Snake:3  | Identified the +4 flail "Glorpo" {flame, *Drain rElec rPois Int+4} (You bought it in a shop on level 2 of the Orcish Mines)
 40431 | Snake:4  | Entered Level 4 of the Snake Pit
 40546 | Snake:4  | Reached skill level 15 in Armour
 40808 | Snake:4  | Got a fine chain mail
 41082 | Snake:4  | Found a shattered altar of Ashenzari.
 41514 | Snake:4  | Received a gift from Okawaru
 41991 | Snake:4  | Received a gift from Okawaru
 42005 | Snake:4  | Got a spiked cloak {god gift}
 42024 | Snake:4  | Identified the +0 cloak of Knowledge {Str+4 Int+4} (Okawaru gifted it to you on level 4 of the Snake Pit)
 42237 | Snake:4  | Reached XP level 19. HP: 144/152 MP: 27/27
 42515 | Snake:4  | Got a serpentine rune of Zot
 42605 | Snake:4  | Identified the +7 chain mail of Resonance {rC+ Dex+2 Slay-5} (You found it on level 4 of the Snake Pit)
 42935 | Vaults:1 | Entered Level 1 of the Vaults
 43359 | Vaults:1 | Reached skill level 15 in Fighting
 43549 | Vaults:1 | Found a roughly hewn altar of Beogh.
 43557 | Vaults:1 | Received a gift from Okawaru
 43623 | Vaults:1 | Noticed an Ice Fiend
 44328 | Orc:2    | Bought an uncursed ring of protection from magic for 325 gold pieces
 44328 | Orc:2    | Bought the ring of Usop {rPois rN+ MR+ Str+4 Slay-5} for 361 gold pieces
 44496 | Vaults:2 | Received a gift from Okawaru
 44858 | Vaults:2 | Found a staircase to the Crypt.
 44860 | Vaults:2 | Reached XP level 20. HP: 164/164 MP: 28/28
 45137 | Vaults:2 | Received a gift from Okawaru
 45522 | Vaults:2 | Reached skill level 1 in Spellcasting
 46130 | Vaults:2 | Received a gift from Okawaru
 46753 | Orc:2    | Bought a pair of runed boots for 121 gold pieces
 48537 | Vaults:3 | Found Juhy's Book Boutique.
 48801 | Vaults:3 | Found a portal to a secret trove of treasure.
 49066 | Vaults:3 | Reached XP level 21. HP: 173/173 MP: 29/29
 49294 | Vaults:3 | Received a gift from Okawaru
 50434 | Vaults:2 | Got an ancient halberd
 50438 | Vaults:2 | Identified the +3 halberd of Red Wine {vamp, +Fly MR+ Str+5} (You found it on level 2 of the Vaults)
 50911 | Vaults:4 | Found a ruined gateway.
 50929 | Desolati | Entered the Desolation of Salt
 51007 | Desolati | Got a brightly glowing halberd
 51012 | Desolati | Reached skill level 5 in Spellcasting
 51043 | Desolati | Received a gift from Okawaru
 51602 | Desolati | Received a gift from Okawaru
 51613 | Desolati | HP: 2/177 [halazid warlock/ghostly fireball (62)]
 51624 | Desolati | Got a pair of dazzling gloves {god gift}
 51955 | Desolati | Identified the +0 pair of gloves of Limited Liability {rElec rF- Str+4 Stlth+} (Okawaru gifted it to you in the Desolation of Salt)
 52022 | Desolati | Reached XP level 22. HP: 157/184 MP: 30/30
 52399 | Desolati | Identified the Incunabulum of Lethal Conjuration
 52404 | Desolati | Got a pitted turquoise ring
 52405 | Desolati | Identified the ring "Zyzuqyt" {Ice Int+2 Dex+4 Stlth+} (You found it in the Desolation of Salt)
 52545 | Desolati | Got a bloodstained chain mail
 52553 | Desolati | Got an ancient golden amulet
 52763 | Desolati | Got a dazzling buckler
 52808 | Desolati | Identified the +6 buckler of Weki {rF++ rC+ Int-4} (You found it in the Desolation of Salt)
 52912 | Desolati | Identified the +3 chain mail of the Known World {rF+ Dex+2} (You found it in the Desolation of Salt)
 52914 | Desolati | Got a bound amber ring
 52916 | Desolati | Identified the ring of Xom's Absentmindedness {rC+ Dex+3} (You found it in the Desolation of Salt)
 52928 | Desolati | Got an ichor-stained plate armour
 52939 | Desolati | Identified the +3 plate armour of Lefyosaohe {-Tele *Drain rPois Dex+9} (You found it in the Desolation of Salt)
 52953 | Desolati | Got a slimy glaive
 52954 | Desolati | Identified the cursed +1 glaive of Fuino {elec, rF- rC+ Str+4 SInv} (You found it in the Desolation of Salt)
 52966 | Desolati | Got a shimmering lapis lazuli ring
 52968 | Desolati | Identified the ring "Duirod" {+Fly Int+6} (You found it in the Desolation of Salt)
 52979 | Desolati | Identified the cursed +0 halberd of Cula {chop, rElec rC+ Dex+3 Stlth+} (You found it in the Desolation of Salt)
 53102 | Vaults:4 | Identified the amulet of Compassion {rElec rPois Regen+} (You found it in the Desolation of Salt)
 53383 | Vaults:4 | Gained mutation: Your body sometimes deteriorates upon taking damage. [a shining eye]
 53384 | Vaults:4 | Lost mutation: Your spells are a little harder to cast, but a little more powerful. [a shining eye]
 54011 | Vaults:4 | Noticed Xtahua
 54026 | Vaults:4 | Killed Xtahua
 54344 | Vaults:4 | Received a gift from Okawaru
 54961 | Elf:1    | Entered Level 1 of the Elven Halls
 55141 | D:13     | Learned a level 3 spell: Regeneration
 56094 | Elf:1    | Received a gift from Okawaru
 56524 | Elf:2    | Reached skill level 1 in Charms
 56528 | Elf:2    | Reached skill level 1 in Necromancy
 56532 | Elf:2    | Reached XP level 23. HP: 103/194 MP: 33/33
 56879 | Elf:2    | Found a runed gate.
 56879 | Elf:2    | Found a runed gate.
 56880 | Elf:2    | Found a runed gate.
 57079 | Elf:2    | Cast into level 3 of the Abyss (long sword of distortion)
 57356 | Abyss:3  | Reached skill level 1 in Stealth
 57604 | Elf:2    | Escaped the Abyss
 58071 | Elf:2    | Reached skill level 5 in Stealth
 58312 | Elf:2    | Received a gift from Okawaru
 58566 | Elf:3    | Entered Level 3 of the Elven Halls
 58805 | Elf:3    | Noticed 4thArraOfDagon's ghost (journeyman TrIE)
 58827 | Elf:3    | Killed 4thArraOfDagon's ghost
 58941 | Elf:3    | Reached skill level 10 in Stealth
 59152 | Elf:3    | Learned a level 2 spell: Repel Missiles
 59296 | Elf:3    | Identified the Incunabulum of Dark Rituals
 60110 | Elf:3    | Reached XP level 24. HP: 200/201 MP: 36/36
 60168 | Elf:3    | Got a slimy crystal amulet
 60225 | Elf:3    | Received a gift from Okawaru
 60256 | Elf:3    | Reached skill level 5 in Charms
 60286 | Elf:3    | Reached skill level 10 in Spellcasting
 60297 | Elf:3    | Reached skill level 5 in Necromancy
 60575 | Elf:3    | Got a steaming dire flail {venom}
 60576 | Elf:3    | Identified the cursed +1 dire flail "Zano" {venom, *Confuse rF+ rN+} (You took it off a deep elf elementalist on level 3 of the Elven Halls)
 60600 | Elf:3    | Identified the amulet of Caluchurch {Reflect +Blink SH+2} (You took it off a deep elf elementalist on level 3 of the Elven Halls)
 60669 | Elf:3    | Cast into level 2 of the Abyss (a deep elf demonologist)
 61183 | Abyss:2  | Received a gift from Okawaru
 61260 | Elf:3    | Escaped the Abyss
 61369 | Elf:3    | Got a polished chain mail
 61380 | Elf:3    | Identified the +5 chain mail of Perpetual Drought {+Fly rF- Int+9 Stlth+} (You found it on level 3 of the Elven Halls)
 62168 | Vaults:5 | Entered Level 5 of the Vaults
 62179 | Vaults:5 | Reached skill level 1 in Evocations
 62706 | Vaults:5 | Received a gift from Okawaru
 62770 | Vaults:5 | Noticed a golden dragon
 62776 | Vaults:5 | Reached XP level 25. HP: 183/207 MP: 30/38
 63203 | Vaults:5 | Got a heavily runed plate armour
 63240 | Vaults:5 | Received a gift from Okawaru
 63247 | Vaults:5 | Got a faintly glowing large shield {god gift}
 63261 | Vaults:4 | Identified the +8 large shield "Orutivil" {Int-5 Dex+9 Stlth-} (Okawaru gifted it to you on level 5 of the Vaults)
 63282 | Vaults:4 | Identified the +0 plate armour "Mechus" {Regen+} (You took it off a vault warden on level 5 of the Vaults)
 63355 | Vaults:5 | Reached skill level 5 in Evocations
 63529 | Vaults:5 | Noticed an ancient lich
 63539 | Vaults:5 | Killed an ancient lich
 63666 | Vaults:5 | Got a smoking flail
 63667 | Vaults:5 | Identified the cursed +0 flail "Wupten" {drain, *Confuse rF++} (You found it on level 5 of the Vaults)
 63750 | Vaults:5 | Got a scorched lead amulet
 63771 | Vaults:5 | Got a faintly glowing bronze amulet
 63781 | Vaults:5 | Reached skill level 10 in Charms
 63917 | Vaults:5 | Reached skill level 10 in Necromancy
 63944 | Vaults:5 | Identified the amulet "Plog" {Harm *Drain rF+ Str+3 Int+2} (You took it off an ogre mage on level 5 of the Vaults)
 63947 | Vaults:5 | Identified the amulet "Jufie" {RegenMP rF- Int+10} (You took it off a deep elf death mage on level 5 of the Vaults)
 64065 | Vaults:5 | Reached XP level 26. HP: 197/215 MP: 40/40
 64133 | Vaults:5 | Got a vibrating amber ring
 64135 | Vaults:5 | Identified the ring "Xuxonax" {Wiz Str+5 Dex+2} (You found it on level 5 of the Vaults)
 64412 | Vaults:5 | Got a silver rune of Zot
 64466 | Vaults:5 | Upgraded the game from 0.19-a0-1490-g5dd3618 to 0.19-a0-1493-gd0fcaa6
 64779 | Shoals:1 | Entered Level 1 of the Shoals
 65772 | Shoals:2 | Noticed Polyphemus
 65796 | Shoals:2 | Killed Polyphemus
 65812 | Shoals:2 | Found Liabetz's Distillery.
 65826 | Shoals:2 | Bought a potion of curing for 42 gold pieces
 65826 | Shoals:2 | Bought a potion of cancellation for 112 gold pieces
 65826 | Shoals:2 | Bought a potion of curing for 42 gold pieces
 66249 | Shoals:3 | Identified a scroll of acquirement
 66847 | Shoals:4 | Entered Level 4 of the Shoals
 66880 | Shoals:4 | Received a gift from Okawaru
 66887 | Shoals:4 | Got a faintly humming large shield {god gift}
 66901 | Shoals:3 | Identified the +10 large shield of the Cockatrice {Int+5} (Okawaru gifted it to you on level 4 of the Shoals)
 67243 | Shoals:4 | Noticed Ilsuiw
 67269 | Shoals:4 | Killed Ilsuiw
 67465 | Shoals:4 | Got a sparkling glass ring
 67467 | Shoals:4 | Identified the ring of Tuaxyty {rN+ Dex+2} (You took it off a merfolk on level 4 of the Shoals)
 67669 | Shoals:4 | Got a barnacled rune of Zot
 67697 | Shoals:4 | Reached skill level 17 in Axes
 68374 | Depths:1 | Entered Level 1 of the Depths
 68568 | Depths:1 | Found a one-way gate leading to the halls of Pandemonium.
 68575 | Depths:1 | Gained mutation: Armour fits poorly on your strangely shaped body. [a cacodemon]
 68593 | Depths:1 | Found a sparkling altar of Nemelex Xobeh.
 68887 | Depths:1 | Reached XP level 27. HP: 221/221 MP: 41/41
 69120 | Depths:1 | Found a gateway to Hell.
 69702 | Slime:1  | Entered Level 1 of the Pits of Slime
 69760 | Slime:1  | Gained mutation: You regenerate slowly when monsters are visible. [a shining eye]
 69761 | Slime:1  | Gained mutation: You are weak. (Str -2) [a shining eye]
 69791 | Slime:2  | Gained mutation: You are dopey. (Int -2) [a shining eye]
 69799 | Slime:2  | Gained mutation: You expend magic power (3 MP) to strengthen your wands. [a shining eye]
 69801 | Slime:2  | Gained mutation: You occasionally shout uncontrollably at your foes. [a shining eye]
 69806 | Slime:2  | Gained mutation: You have large cloven feet. [a shining eye]
 69813 | Slime:2  | Lost mutation: You regenerate slowly when monsters are visible. [a shining eye]
 69818 | Slime:2  | Reached skill level 18 in Axes
 69822 | Slime:2  | Received a gift from Okawaru
 70016 | Slime:3  | Gained mutation: Your body often deteriorates upon taking damage. [a shining eye]
 70023 | Slime:3  | Gained mutation: You are frail. (-10% HP) [a shining eye]
 70026 | Slime:3  | Gained mutation: You are very frail. (-20% HP) [a shining eye]
 70511 | Slime:5  | Entered Level 5 of the Pits of Slime
 71051 | Slime:5  | Received a gift from Okawaru
 71070 | Slime:5  | Gained mutation: You are very dopey. (Int -4) [a shining eye]
 71350 | Slime:5  | Found a viscous altar of Jiyva.
 71353 | Slime:5  | Gained mutation: Scrolls take you a little longer to read. [a shining eye]
 71358 | Slime:5  | Gained mutation: You are clumsy. (Dex -2) [a shining eye]
 71360 | Slime:5  | Gained mutation: Your magical capacity is low. (-10% MP) [a shining eye]
 71364 | Slime:5  | Gained mutation: You are extremely frail. (-30% HP) [a shining eye]
 71380 | Slime:5  | Noticed the Royal Jelly
 71527 | Slime:5  | Killed the Royal Jelly
 71584 | Slime:5  | Got a transparent golden ring
 71588 | Slime:5  | Identified the ring "Agufoyr" {rPois MR+ Dex+2} (You found it on level 5 of the Pits of Slime)
 71603 | Slime:5  | Identified a +5 rod of ignition (12/12) (You found it on level 5 of the Pits of Slime)
 71638 | Slime:5  | Identified a +2 rod of ignition (12/12) (You found it on level 5 of the Pits of Slime)
 71697 | Slime:5  | Got a bloodstained battleaxe
 71698 | Slime:5  | Identified the +8 battleaxe of Tenacity {venom, Dex+5 Stlth+} (You found it on level 5 of the Pits of Slime)
 71705 | Slime:5  | Got a slimy rune of Zot
 72064 | D:11     | Lost mutation: Your body often deteriorates upon taking damage. [potion of cure mutation]
 72064 | D:11     | Lost mutation: You are clumsy. (Dex -2) [potion of cure mutation]
 72064 | D:11     | Lost mutation: You expend magic power (3 MP) to strengthen your wands. [potion of cure mutation]
 72064 | D:11     | Lost mutation: You occasionally shout uncontrollably at your foes. [potion of cure mutation]
 72064 | D:11     | Lost mutation: You are weak. (Str -2) [potion of cure mutation]
 72065 | D:11     | Lost mutation: Armour fits poorly on your strangely shaped body. [potion of cure mutation]
 72065 | D:11     | Lost mutation: You are very dopey. (Int -4) [potion of cure mutation]
 72065 | D:11     | Lost mutation: Your body sometimes deteriorates upon taking damage. [potion of cure mutation]
 72065 | D:11     | Lost mutation: You are extremely frail. (-30% HP) [potion of cure mutation]
 72065 | D:11     | Lost mutation: Your magical capacity is low. (-10% MP) [potion of cure mutation]
 72065 | D:11     | Lost mutation: Scrolls take you a little longer to read. [potion of cure mutation]
 72582 | Depths:2 | Found Cotocs's Antique Armour Boutique.
 72583 | Depths:2 | Found Ozuklot's Food Boutique.
 72583 | Depths:2 | Found Qyurreimu's Gadget Shop.
 72588 | Depths:2 | Found Duloczei's Book Shop.
 72611 | Depths:2 | Reached skill level 15 in Dodging
 72996 | Depths:2 | Found Misyucso's General Store.
 73005 | Depths:2 | Bought a potion of agility for 60 gold pieces
 73269 | Depths:2 | Received a gift from Okawaru
 73275 | Depths:2 | Got an ebony greatsling {god gift}
 73276 | Depths:2 | Identified the +2 greatsling of Reason {flame, rN+} (Okawaru gifted it to you on level 2 of the Depths)
 73716 | Depths:3 | Reached skill level 19 in Axes
 73868 | Depths:3 | Found a one-way gate to the infinite horrors of the Abyss.
 74423 | Depths:4 | Noticed a juggernaut
 74431 | Depths:4 | Killed a juggernaut
 74580 | Depths:4 | Received a gift from Okawaru
 74840 | Depths:4 | Found a gateway to a ziggurat.
 75717 | Depths:4 | Found a shimmering altar of Xom.
 75946 | Depths:5 | Entered Level 5 of the Depths
 76256 | Depths:5 | Lost mutation: You have large cloven feet. [potion of cure mutation]
 76256 | Depths:5 | Lost mutation: You are very frail. (-20% HP) [potion of cure mutation]
 76256 | Depths:5 | Lost mutation: You are dopey. (Int -2) [potion of cure mutation]
 76671 | Depths:5 | Received a gift from Okawaru
 76785 | Depths:5 | Found a gate to the Realm of Zot.
 77594 | Slime:5  | Got an iridescent demon whip
 77595 | Slime:5  | Identified the cursed +1 demon whip of Contradiction {venom, Fragile rPois rN+} (You found it on level 5 of the Pits of Slime)
 78291 | Elf:3    | Learned a level 5 spell: Dispel Undead
 78563 | D:13     | Learned a level 5 spell: Cigotuvi's Embrace
 78684 | Crypt:1  | Entered Level 1 of the Crypt
 78818 | Crypt:1  | Found an ancient bone altar of Kikubaaqudgha.
 79313 | Crypt:1  | Noticed Jorgrun
 79317 | Crypt:1  | Noticed Jory
 79328 | Crypt:1  | Killed Jorgrun
 79338 | Crypt:1  | Killed Jory
 79669 | Crypt:2  | Reached skill level 20 in Axes
 79717 | Crypt:2  | Received a gift from Okawaru
 80168 | Crypt:2  | Received a gift from Okawaru
 80331 | Crypt:3  | Entered Level 3 of the Crypt
 81447 | Crypt:3  | Found a staircase to the Tomb.
 81521 | Crypt:3  | Identified the Incunabulum of Necromancy
 81533 | Crypt:3  | Learned a level 4 spell: Control Undead
 81655 | Crypt:3  | Found a basalt altar of Yredelemnul.
 81951 | Crypt:3  | Reached skill level 15 in Necromancy
 82789 | Hell     | Entered the Vestibule of Hell
 82789 | Hell     | Noticed Geryon
 82847 | Hell     | Killed Geryon
 82851 | Hell     | Received a gift from Okawaru
 82967 | Hell     | Found a gateway to the Iron City of Dis.
 83190 | Hell     | Found a gateway to the ashen valley of Gehenna.
 83320 | Hell     | Found a gateway to the decaying netherworld of Tartarus.
 83580 | Hell     | Found a gateway to the freezing wastes of Cocytus.
 83973 | Vaults:3 | You paid a toll of a +6 demon whip to enter a treasure trove
 83974 | Trove    | Entered a treasure trove
 84004 | Trove    | Got a translucent plate armour
 84015 | Trove    | Identified the +10 plate armour of the Slug {rC+} (You found it in a treasure trove)
 84044 | Trove    | Got a black opal-encrusted chain mail
 84055 | Trove    | Identified the +1 chain mail of the Abyss {-Tele rCorr Str+9 Dex+4} (You found it in a treasure trove)
 84081 | Trove    | Got a pair of spiked boots
 84092 | Trove    | Identified the +0 pair of boots of Dawn {*Drain rC+ rN+} (You found it in a treasure trove)
 84111 | Trove    | Got a crude scale mail
 84112 | Trove    | Identified the +0 scale mail "Vozyly" {rN+ rCorr Str-2} (You found it in a treasure trove)
 84114 | Trove    | Got a pair of pitted gloves
 84115 | Trove    | Identified the +1 pair of gloves "Xedehiga" {*Confuse rElec MR+ Str+2} (You found it in a treasure trove)
 84119 | Trove    | Got a bloodstained robe
 84283 | Vaults:2 | Received a gift from Okawaru
 84557 | Tomb:1   | Entered Level 1 of the Tomb of the Ancients
 84698 | Tomb:1   | Reached skill level 21 in Axes
 84992 | Tomb:1   | Noticed a greater mummy
 84995 | Tomb:1   | Received a gift from Okawaru
 85040 | Tomb:1   | Noticed a greater mummy
 85053 | Tomb:1   | Killed a greater mummy
 85059 | Tomb:1   | Killed a greater mummy
 85682 | Elf:3    | Learned a level 5 spell: Silence
 85689 | Elf:3    | Learned a level 6 spell: Darkness
 86133 | Tar:1    | Entered Level 1 of Tartarus
 86416 | Tar:1    | Reached skill level 1 in Hexes
 86520 | Tar:1    | Reached skill level 1 in Air Magic
 86797 | Tar:2    | Reached skill level 22 in Axes
 87359 | Tar:5    | Received a gift from Okawaru
 87359 | Tar:5    | Reached skill level 5 in Hexes
 87532 | Tar:6    | Reached skill level 5 in Air Magic
 88048 | Temple   | Fell from the grace of Okawaru
 88048 | Temple   | Became a worshipper of Makhleb the Destroyer
 88742 | Tar:1    | Gained mutation: Armour fits poorly on your strangely shaped body. [mutagenic glow]
 89033 | Tar:1    | Reached skill level 23 in Axes
 89297 | Tar:2    | Reached * piety under Makhleb
 89574 | Tar:2    | Reached ** piety under Makhleb
 89987 | Tar:2    | Reached skill level 10 in Hexes
 90268 | Tar:2    | Reached *** piety under Makhleb
 90622 | Tar:2    | Reached skill level 24 in Axes
 90825 | Tar:2    | Reached **** piety under Makhleb
 91481 | Tar:3    | Reached ***** piety under Makhleb
 92253 | Tar:3    | Upgraded the game from 0.19-a0-1493-gd0fcaa6 to 0.19-a0-1498-g0b85ae9
 92320 | Tar:3    | Was forgiven by Okawaru
 93488 | Tar:5    | Reached skill level 25 in Axes
 93688 | Tar:5    | Reached ****** piety under Makhleb
 93700 | Tar:5    | Reached skill level 10 in Air Magic
 94825 | Depths:2 | Bought a bread ration for 55 gold pieces
 94825 | Depths:2 | Bought a bread ration for 55 gold pieces
 94825 | Depths:2 | Bought a bread ration for 55 gold pieces
 94825 | Depths:2 | Bought a meat ration for 55 gold pieces
 94825 | Depths:2 | Bought a slice of pizza for 16 gold pieces
 94825 | Depths:2 | Bought a meat ration for 55 gold pieces
 94825 | Depths:2 | Bought a bread ration for 55 gold pieces
 94825 | Depths:2 | Bought a bread ration for 55 gold pieces
 94825 | Depths:2 | Bought a meat ration for 55 gold pieces
 94825 | Depths:2 | Bought a meat ration for 55 gold pieces
 94825 | Depths:2 | Bought 2 fruits for 33 gold pieces
 94825 | Depths:2 | Bought a meat ration for 55 gold pieces
 94825 | Depths:2 | Bought a meat ration for 55 gold pieces
 95551 | Tomb:2   | Noticed an ancient lich
 95587 | Tomb:2   | Noticed a greater mummy
 95588 | Tomb:2   | Noticed a greater mummy
 95589 | Tomb:2   | Noticed a greater mummy
 95655 | Tomb:1   | Killed an ancient lich
 95659 | Tomb:1   | Killed a greater mummy
 95686 | Tomb:2   | Killed a greater mummy
 95686 | Tomb:2   | Reached skill level 26 in Axes
 95857 | Tomb:2   | Killed a greater mummy
 96303 | Tomb:1   | Noticed a greater mummy
 96311 | Tomb:1   | Noticed a greater mummy
 96311 | Tomb:1   | Killed a greater mummy
 96311 | Tomb:1   | Reached skill level 15 in Hexes
 96317 | Tomb:1   | Killed a greater mummy
 96430 | Tomb:1   | Noticed a greater mummy
 96432 | Tomb:1   | Noticed a greater mummy
 96444 | Tomb:1   | Killed a greater mummy
 96445 | Tomb:1   | Killed a greater mummy
 96499 | Tomb:1   | Noticed a greater mummy
 96508 | Tomb:1   | Killed a greater mummy
 96692 | Tomb:1   | Noticed a greater mummy
 96702 | Tomb:1   | Killed a greater mummy
 96736 | Tomb:1   | Noticed a greater mummy
 96742 | Tomb:1   | Killed a greater mummy
 96783 | Tomb:1   | Noticed a greater mummy
 96785 | Tomb:1   | Noticed a greater mummy
 96786 | Tomb:1   | Noticed a greater mummy
 96793 | Tomb:1   | Killed a greater mummy
 96800 | Tomb:1   | Killed a greater mummy
 96804 | Tomb:1   | Killed a greater mummy
 96916 | Tomb:1   | Noticed a greater mummy
 96928 | Tomb:1   | Killed a greater mummy
 96999 | Tomb:1   | Noticed a greater mummy
 97011 | Tomb:1   | Killed a greater mummy
 97055 | Tomb:1   | Noticed a greater mummy
 97066 | Tomb:1   | Killed a greater mummy
 97122 | Tomb:1   | Noticed a greater mummy
 97128 | Tomb:1   | Killed a greater mummy
 97165 | Tomb:1   | Noticed a greater mummy
 97178 | Tomb:1   | Killed a greater mummy
 97429 | Tomb:3   | Entered Level 3 of the Tomb of the Ancients
 97439 | Tomb:3   | Reached skill level 27 in Axes
 97453 | Tomb:3   | Noticed a greater mummy
 97458 | Tomb:3   | Noticed a greater mummy
 97526 | Tomb:3   | Noticed a greater mummy
 97537 | Tomb:3   | Killed a greater mummy
 97541 | Tomb:2   | Killed a greater mummy
 97544 | Tomb:2   | Killed a greater mummy
 97956 | Tomb:3   | Noticed a greater mummy
 98090 | Tomb:3   | Killed a greater mummy
 98134 | Tomb:3   | Noticed a greater mummy
 98276 | Tomb:3   | Killed a greater mummy
 98391 | Tomb:3   | Noticed Khufu
 98421 | Tomb:3   | Killed Khufu
 98474 | Tomb:3   | Learned a level 2 spell: Passwall
 98490 | Tomb:3   | Noticed a greater mummy
 98502 | Tomb:3   | Killed a greater mummy
 98554 | Tomb:3   | Noticed a greater mummy
 98568 | Tomb:3   | Killed a greater mummy
 98685 | Tomb:3   | Got a golden rune of Zot
 98769 | Tomb:3   | Noticed an ancient lich
 98784 | Tomb:3   | Killed an ancient lich
 98918 | Tomb:3   | Got a smoking golden amulet
 98919 | Tomb:3   | Identified the amulet of Circularity {Gourm +Inv Str+2} (You found it on level 3 of the Tomb of the Ancients)
 98924 | Tomb:3   | Got a twitching ivory ring
 98925 | Tomb:3   | Identified the ring of the Scavenger {Dex+7 Stlth-} (You found it on level 3 of the Tomb of the Ancients)
 98928 | Tomb:3   | Identified Sif Muna's Compendium of the Entourage
 99880 | Vaults:3 | Bought a book of the Sky for 1300 gold pieces
 99896 | Vaults:3 | Learned a level 9 spell: Tornado
 99903 | Vaults:3 | Learned a level 6 spell: Deflect Missiles
100158 | Depths:3 | Voluntarily entered the Abyss.
100788 | Abyss:1  | Found a stormy altar of Qazlal.
100828 | Depths:3 | Escaped the Abyss
100868 | Depths:3 | Voluntarily entered the Abyss.
100880 | Depths:3 | Escaped the Abyss
100882 | Depths:3 | Voluntarily entered the Abyss.
100883 | Abyss:1  | Found a corrupted altar of Lugonu.
101430 | Abyss:2  | Reached skill level 15 in Spellcasting
101709 | Abyss:2  | Gained mutation: You are clumsy. (Dex -2) [a neqoxec]
101717 | Depths:3 | Escaped the Abyss
101722 | Depths:3 | Voluntarily entered the Abyss.
101811 | Abyss:1  | Identified the Guide on Transmigration
101918 | Abyss:1  | Gained mutation: You are dopey. (Int -2) [a neqoxec]
101999 | Depths:3 | Escaped the Abyss
102005 | Depths:3 | Voluntarily entered the Abyss.
102209 | Abyss:1  | Found a corrupted altar of Lugonu.
102351 | Abyss:1  | Found a corrupted altar of Lugonu.
102754 | Abyss:2  | Gained mutation: You are weak. (Str -2) [a neqoxec]
102757 | Abyss:2  | Gained mutation: Scrolls take you a little longer to read. [a neqoxec]
102762 | Abyss:2  | Gained mutation: You are very frail. (-20% HP) [a neqoxec]
103397 | Abyss:2  | Found a corrupted altar of Lugonu.
103481 | Abyss:2  | Gained mutation: You are very clumsy. (Dex -4) [a neqoxec]
103689 | Abyss:2  | Reached skill level 15 in Air Magic
103838 | Abyss:3  | Found a sacrificial altar of Ru.
104169 | Abyss:3  | Noticed an ancient lich
104173 | Abyss:3  | Killed an ancient lich
104526 | Abyss:3  | Got an abyssal rune of Zot
104990 | Abyss:3  | Identified Hoggyo Acwi's Grimoire of Doomed Beguiling
105206 | Depths:3 | Escaped the Abyss
106048 | Tar:7    | Entered Level 7 of Tartarus
106755 | Tar:7    | Identified Nuozxosh's Guide on the Creative Rocks
106759 | Tar:7    | Learned a level 1 spell: Summon Butterflies
106909 | Tar:7    | Identified An Introduction to Magic
106913 | Tar:7    | Learned a level 1 spell: Apportation
106968 | Tar:7    | Reached skill level 15 in Charms
107150 | Tar:7    | Identified the Volume of Weightlessness
107184 | Tar:7    | Got a brightly glowing morningstar
107187 | Tar:7    | Identified the +7 morningstar of the Sun {vamp, rF+ Str+4 Int+5 Dex-4} (You found it on level 7 of Tartarus)
107315 | Tar:7    | Got a translucent gossamer ring
107318 | Tar:7    | Identified the ring "Batob" {rPois rF+ AC+1} (You found it on level 7 of Tartarus)
107332 | Tar:7    | Identified a +1 rod of shadows (10/10) (You found it on level 7 of Tartarus)
107569 | Tar:7    | Identified the Handbook of Icy Moulding
107806 | Tar:7    | Noticed Ereshkigal
107866 | Tar:7    | Killed Ereshkigal
107917 | Tar:7    | Got a bone rune of Zot
108920 | Dis:1    | Entered Level 1 of the Iron City of Dis
110094 | Dis:2    | HP: 4/181 [reaper/scythe of venom (19)]
110368 | Dis:2    | Gained mutation: You are extremely frail. (-30% HP) [a cacodemon]
110824 | Dis:2    | Gained mutation: You are very dopey. (Int -4) [a cacodemon]
113107 | Dis:7    | Entered Level 7 of the Iron City of Dis
113577 | Dis:7    | Got a pitted iron ring
113580 | Dis:7    | Identified the ring of Zofusuze {rF+ rN+ MR+ Str+2 Dex-2} (You found it on level 7 of the Iron City of Dis)
114096 | Dis:7    | Gained mutation: Scrolls take you longer to read. [a cacodemon]
114121 | Dis:7    | Gained mutation: Your magical capacity is low. (-10% MP) [a cacodemon]
114207 | Dis:7    | Gained mutation: You occasionally shout uncontrollably at your foes. [a cacodemon]
114664 | Dis:7    | Noticed Dispater
114673 | Dis:7    | Killed from afar by a Brimstone Fiend

Vault maps used:
D:1:      minmay_arrival_four_houses, minmay_misc_feat_tower
D:2:      minmay_misc_feat_ornament
D:3:      ashenzari_altar_1, nicolae_overflow_hidden_temple, first_bread,
          ecumenical_altar_2
D:4:      serial_shops, shop
D:5:      grunt_gozag_breadcrumbs, fiery_altar_vehumet, uniq_duvessa,
          uniq_crazy_yiuf_cottage
D:6:      kennysheep_mini_moat, uniq_menkaure
D:7:      trog_eyes_of_draining, uniq_pikel
D:9:      lemuel_crystal_altar, hiddenorc2_lemuel, grunt_livestock
D:10:     uniq_erica
D:11:     erik_lair_dragon, uniq_erolcha
D:12:     basic_altar, lemuel_centaur_altar
D:13:     kennysheep_scales, david_vaults_3, portal_ice_cave_entry_pillars_1
D:14:     minmay_misc_feat_five, basic_altar
D:15:     grunt_enter_depths_giant_problem, grunt_decor_cap, moated_statue
Temple:   dshaligram_water_room_temple
Lair:1:   st_stairs_11, nicolae_quartered_pool_medium, dpeg_stationary_puzzle,
          grunt_megastairs_4, uniq_fannar
Lair:2:   lemuel_fruit_fields
Lair:3:   minmay_shoals_entry_centaurs, serial_bayou_shore_a,
          grunt_megastairs_2, infiniplex_staircase_pool, serial_bayou_shore_b
Lair:4:   minmay_snake_entry_guardpost_small, uniq_harold
Lair:5:   minmay_lair_oklob_tunnel, dpeg_slime_entry_corner, st_stairs_8
Lair:6:   gammafunk_lair_ancient_temple, serial_forest,
          infiniplex_forest_clump_diagonal, infiniplex_forest_clump_curved,
          infiniplex_forest_lined_3_way, infiniplex_forest_3_way,
          infiniplex_forest_lined_1, infiniplex_forest_clump_long,
          lemuel_old_faithful, lemuel_fruit_tree
Shoals:1: cheibrodos_shoals_roost, nicolae_shoals_stone_sculpture_thing
Shoals:2: serial_shops, shop, uniq_polyphemus
Shoals:4: shoals_end_grunt_garden, shoals_ilsuiw_alternative
Snake:3:  serial_shops, shop
Snake:4:  grunt_snake_rune_pools, basic_altar
Slime:2:  cheibrodos_slime_lost_civilization_2
Slime:3:  cheibrodos_slime_lost_civilization_6
Slime:4:  basic_altar
Orc:1:    basic_altar, mines5_lemuel, uniq_urug, uniq_maurice
Orc:2:    grunt_orc_gardens, grunt_orc_garden, grunt_orc_garden,
          grunt_orc_garden, grunt_orc_garden, serial_shops, shop_statue,
          nicolae_shop_statue_plus, nicolae_shop_stone, shop_coins,
          nicolae_shop_waterfront
Elf:1:    orc_legates, minivault_26, hex_large
Elf:3:    minmay_elf_hall_x, minmay_elf_necromancy
Vaults:1: ontoclasm_vaults_decontamination, v_misc_25, special_room_vaults,
          hangedman_vaults_stitches, v_misc_8, hangedman_vaults_nails,
          nicolae_vaults_little_squares_5, nicolae_vaults_theta,
          grunt_vaults_focal, nicolae_vaults_windows_and_doors_thing,
          nicolae_vaults_circle_grid_a, nicolae_vaults_ring_of_whatevers,
          vaults_dpeg_doors, nicolae_vaults_diagonal_hallway_8,
          nicolae_vaults_asterisk, vaults_room_grid
Vaults:2: blue_anna_dwarven_crypt, v_misc_2,
          vaults_standard_mumra_enter_the_diamond,
          nicolae_vaults_network_quinsquares, st_cross, v_misc_25,
          v_alt_pattern_5, v_pattern_1, v_misc_23, ontoclasm_vaults_gateway,
          hangedman_vaults_stream, grunt_vaults_hallway_short,
          vaults_room_door_ring, grunt_vaults_hallway_long, vaults_dpeg_hooks,
          nicolae_vaults_shelves_hall
Vaults:3: v_misc_8, nicolae_vaults_sealed_display, serial_ice_g,
          nicolae_vaults_big_ls, v_pattern_2, v_rooms_2,
          dpeg_vaults_monster_box, hangedman_vaults_unwind,
          nicolae_vaults_theta, ontoclasm_vaults_idyll,
          nicolae_trove_entry_crystal, serial_shops, shop
Vaults:4: nicolae_vaults_circle_grid_b, ontoclasm_vaults_twist, v_misc_11,
          ontoclasm_vaults_idyll, grunt_vaults_bifocal, v_misc_14,
          nicolae_vaults_three_branches, vaults_dpeg_diagonal,
          portal_desolation_entry_garden, uniq_xtahua
Crypt:1:  basic_altar, uniq_jory, uniq_jorgrun
Crypt:2:  basic_stair_grate_trap
Crypt:3:  evilmike_haunted_forest
Depths:1: grunt_pan_entry_spiral, hell_entry, nemelex_xobeh_ov_fountains_minmay
Depths:2: minmay_spriggan_fort, grunt_decor_clamped, serial_shops, shop,
          pf_hell_entry_great_geh, minmay_shoptagon
Depths:3: hangedman_arrow_trap, rand_demon_pan_entry_9, abyss_entry_crystal,
          serial_glass, glass_columns_a, glass_columns_a, glass_columns_b,
          glass_columns_a, glass_columns_c, glass_columns_b, hell_entry,
          hangedman_decor_riveting
Depths:4: minmay_quantized_circle, enter_ziggurat_e, hell_entry, abyss_entry,
          lemuel_statue_altar, infiniplex_staircase_zigzag_4
Depths:5: grunt_bruiser_brothers, minmay_misc_feat_alley, grunt_hell_horde,
          pan_entry, columned_hall_lemuel
Dis:1:    grunt_dis_stairs_iron_hall
Dis:2:    grunt_megastairs_1
Dis:3:    nicolae_dis_strange_trophy_room
Dis:6:    grunt_megastairs_3
Dis:7:    dis_st
Tar:7:    tar_mu
Abyss:2:  evilmike_abyss_exit_8
Abyss:3:  grunt_abyss_rune_forest_and_sorcery, evilmike_abyss_exit_glass
Trove:    trove_armour_six_rooms

Skill      XL: |  1  2  3  4  5  6  7  8  9 10 11 12 13 14 15 16 17 18 19 20 21 22 23 24 25 26 27 |
---------------+----------------------------------------------------------------------------------+-----
Axes           | 3 4 5 6 8 9 10 11 12 13 14 16 17 27 | 27.0
Fighting       | 4 5 7 8 11 14 16 17 18 19 23 | 23.2
Armour         | 4 5 7 8 10 11 12 13 14 16 17 18 19 20 | 20.5
Shields        | 6 8 9 10 12 15 16 17 19 | 19.0
Invocations    | 4 7 10 11 | 11.1
Dodging        | 4 7 9 10 11 12 13 14 20 | 20.0
Spellcasting   | 3 5 7 9 11 13 14 23 | 23.0
Charms         | 1 4 7 10 17 | 17.9
Necromancy     | 1 4 7 10 16 | 16.2
Stealth        | 10 11 | 11.4
Evocations     | 3 6 |  6.2
Hexes          | 18 | 18.8
Air Magic      | 21 | 21.0

Action                   |  1- 3 |  4- 6 |  7- 9 | 10-12 | 13-15 | 16-18 | 19-21 | 22-24 | 25-27 || total
-------------------------+-------+-------+-------+-------+-------+-------+-------+-------+-------++-------
Melee: War axe           |    88 |   177 |   362 |  1123 |   914 |       |       |       |       ||  2664
       Morningstar       |       |       |       |     6 |   275 |       |       |       |       ||   281
       Broad axe         |       |       |       |       |    91 |   993 |  1070 |  1309 |  3021 ||  6484
       Eveningstar       |       |       |       |       |   370 |     7 |       |       |       ||   377
       Battleaxe         |       |       |       |       |   254 |    93 |       |       |       ||   347
       Executioner's axe |       |       |       |       |       |    28 |       |       |  6278 ||  6306
       Halberd           |       |       |       |       |       |       |    31 |       |       ||    31
       Staff             |       |       |       |       |       |       |       |       |     6 ||     6
 Fire: Blowgun           |       |    12 |     7 |       |    10 |       |       |       |       ||    29
Throw: Javelin           |       |     1 |     1 |     4 |     4 |     3 |       |       |       ||    13
 Cast: Regeneration      |       |       |       |       |       |       |       |    48 |   405 ||   453
       Repel Missiles    |       |       |       |       |       |       |       |     2 |    30 ||    32
       Cigotuvi's Embrac |       |       |       |       |       |       |       |       |    44 ||    44
       Silence           |       |       |       |       |       |       |       |       |    26 ||    26
       Dispel Undead     |       |       |       |       |       |       |       |       |    25 ||    25
       Deflect Missiles  |       |       |       |       |       |       |       |       |    18 ||    18
       Control Undead    |       |       |       |       |       |       |       |       |     4 ||     4
       Darkness          |       |       |       |       |       |       |       |       |     1 ||     1
Invok: Heroism           |       |       |       |     5 |    11 |     3 |     8 |    21 |    36 ||    84
       Finesse           |       |       |       |       |     3 |     1 |     2 |    14 |    10 ||    30
 Abil: Dig               |       |       |       |     5 |    18 |    21 |     1 |     1 |    52 ||    98
Evoke: Wand              |       |       |       |     1 |       |       |       |       |       ||     1
       Lamp of fire      |       |       |       |       |       |       |       |     1 |     2 ||     3
  Use: Scroll            |     4 |     3 |     2 |    10 |    14 |    12 |     4 |    10 |    25 ||    84
       Potion            |       |     1 |       |     2 |     4 |     2 |     6 |     4 |    35 ||    54
 Stab: Petrified         |       |       |       |       |     1 |       |       |       |     7 ||     8
       Sleeping          |       |       |       |       |     1 |     1 |       |     3 |    20 ||    25
       Invisible         |       |       |       |       |       |       |     1 |       |     3 ||     4
       Distracted        |       |       |       |       |       |       |     1 |     3 |     8 ||    12
       Petrifying        |       |       |       |       |       |       |       |       |     3 ||     3
  Eat: Chunk             |       |     9 |    14 |    28 |    40 |    33 |    13 |    22 |    66 ||   225
       Pizza             |       |       |       |     1 |       |       |       |     1 |    12 ||    14
       Bread ration      |       |       |       |     1 |       |     1 |     2 |     1 |    23 ||    28
       Beef jerky        |       |       |       |     1 |       |     2 |     3 |     3 |     8 ||    17
       Fruit             |       |       |       |       |     3 |       |       |     5 |    21 ||    29
       Royal jelly       |       |       |       |       |     2 |       |     1 |       |       ||     3
       Meat ration       |       |       |       |       |     1 |     2 |     1 |       |     5 ||     9
Armor: Scale mail        |    30 |    63 |   138 |   357 |   505 |   162 |   163 |    53 |       ||  1471
       Chain mail        |       |       |       |       |       |       |       |    78 |   385 ||   463
       Plate armour      |       |       |       |       |       |       |       |       |  1053 ||  1053
Dodge: Dodged            |    25 |    53 |    83 |   332 |   764 |   351 |   281 |   300 |  2010 ||  4199
       Deflected         |       |       |       |       |       |       |       |    10 |   133 ||   143
Block: Shield            |    52 |    83 |   176 |   583 |  1197 |    83 |       |       |       ||  2174
       Large shield      |       |       |       |       |       |  1048 |  1013 |  1044 |  9396 || 12501
